 Dungeon Crawl Stone Soup version 0.02-36-gcba498e (webtiles) character file.

Game seed: 18057447925735651544, levelgen mode: deterministic

19156 Illumine the Grappler (level 12, -5/61 HPs) Troll Earth Elementalist. Began on Aug 31, 2020. Killed from afar by Circe (39 damage) ... with a bolt of acid ... on level 6 of the Dungeon on Sept 1, 2020. The game lasted 00:31:46 (8747 turns).

Illumine the Grappler (Troll Earth Elementalist)    Turns: 8747, Time: 00:31:47

Health: -5/61      AC:  0    Str: 19    XL:     12 ^: 10666
Magic:  18/18      EV: 17    Int: 15    God:
Gold:   625        SH:  0    Dex: 10    Spells: 12/21 levels left

rFire    . . .     Vision   .     - Unarmed
rCold    . . .     Gourm    +     - Unarmed
rNeg     . . .     Faith    .   (armour currently unavailable)
rPois    .         Spirit   .   (helmet currently unavailable)
rElec    .         Reflect  .   (cloak currently unavailable)
rCorr    .         Harm     .   (gloves unavailable)
MR       .....                  (boots unavailable)
Stlth    +.........             (no amulet)
HPRegen  0.70/turn              (ring currently unavailable)
MPRegen  0.28/turn              (ring currently unavailable)

@: pig-form, very quick
A: small, unfitting armour, fast metabolism 3, gourmand, regeneration 1
a: no special abilities


You were on level 6 of the Dungeon.
You were not hungry.
You were a filthy swine.
You visited 3 branches of the dungeon, and saw 8 of its levels.
You also visited: Ice Cave.

You collected 625 gold pieces.

Inventory:

Shields
 x - a +0 targe
Armour
 d - a +0 cloak (melded)
 w - a +2 robe of the Archmagi (melded)
 y - a +2 robe of magic resistance
Jewellery
 a - a cursed ring of protection from magic {(Curse: Dex-4)}
 b - a cursed ring of resist corrosion {(Curse: MR-)}
 e - a cursed ring of dexterity {(Curse: MR-)}
 m - a ring of strength (melded)
 v - an uncursed ring of fire
 B - a ring of dexterity (melded)
Wands
 k - a wand of ensnaring (3)
 n - a wand of flame (1)
 q - a wand of random effects (24)
 u - a wand of hasting (2)
Scrolls
 f - 2 scrolls of amnesia
 g - 6 scrolls of blinking
 i - 2 scrolls of teleportation
 l - 3 scrolls of fog
 A - a scroll of magic mapping
 C - a scroll of bless item
Potions
 h - 2 potions of might
 j - 2 potions of agility
 o - 2 potions of heal wounds
 p - a potion of invisibility
 r - a potion of ambrosia
 s - a potion of cancellation
 t - a potion of resistance
 z - a potion of haste
Comestibles
 c - 6 rations


   Skills:
 + Level 8.7 Fighting
 + Level 6.7 Dodging
 - Level 1.0 Stealth
 + Level 4.2 Shields
 + Level 10.4 Unarmed Combat
 + Level 5.1 Spellcasting
   Level 0.6 Transmutations
 + Level 7.7 Earth Magic


You had 12 spell levels left.
You knew the following spells:

 Your Spells              Type           Power        Failure   Level  Hunger
a - Sandblast             Erth           27 (50)      1%          1    None
b - Stone Arrow           Erth           27 (50)      1%          3    ###....
c - Lee's Rapid Deconstr  Erth           27 (200)     19%         5    ######.
d - Methodical Deconstru  Erth           27 (200)     19%         5    ######.

Your spell library contained the following spells:

 Spells                   Type           Power        Failure   Level  Hunger
 Passwall                 Tmut/Erth      16 (120)     4%          2    ##.....
 Confusing Touch          Hex            3 (50)       16%         1    None
 Petrify                  Tmut/Erth      16 (100)     28%         4    ####...
 Confuse                  Hex            3 (100)      43%         3    ###....
 Gell's Gravitas          Tloc           3 (200)      43%         3    ###....
 Yara's Violent Unravell  Hex/Tmut       4 (200)      99%         5    ######.


Dungeon Overview and Level Annotations

Branches:
Dungeon (6/8)              Temple (1/1) D:4            Lair (1/6) D:5
    Orc (0/2) D:6           IceCv (visited)

Altars:
Ashenzari
Dithmenos
Elyvilon
Fedhas Madash
Gozag Ym Sagoz
Kikubaaqudgha
Makhleb
Qazlal
Ru
Sif Muna
Uskayaw
Vehumet
Wu Jian
Zin
The Shining One

Annotations:
D:3 2 runed translucent doors, Kalegnar's ghost, novice FoFi
D:6 Circe; Jorgrun


Innate Abilities, Weirdness & Mutations

You are too large for most types of armour.
((You have claws for hands. (+6 Unarmed)))
Your metabolism is lightning-fast.
You like to eat raw meat.
Your natural rate of healing is unusually fast.
((You are covered in fur. (AC +1)))
((You have extremely tough skin. (AC +3)))


Message History

Circe is lightly wounded. (93/115) HP Circe hits you (5).
You hit Circe (4).
Circe is moderately wounded. (90/115) HP You barely miss Circe.
Circe is moderately wounded. (90/115) HP The hog bites you (7)!
You hit Circe (4).
Circe is moderately wounded. (86/115) HP You hit Circe (4).
Circe is moderately wounded. (82/115) HP The hog closely misses you (0).
Circe hits you (6).
You hit Circe (2).
Circe is moderately wounded. (80/115) HP You hit Circe (6).
Circe is moderately wounded. (74/115) HP The hog closely misses you (0).
Circe zaps a wand.
The bolt of acid hits you (39)!!!
Ouch! That really hurt!
You die...

........... ..........
#########.........
..................
...........@...... ###
.................. ...
........h.†####### .??
...........###### #####
.........h........ ....#
########.......... ._.##
#..######## ....# #..#
#'##### #..# #.##..# #†÷#
......#########..##########
.................>.†.......
###...............#########


You could see Circe and a hog.

Vanquished Creatures
  A boulder beetle (Lair:1)
  Nergalle (D:5)
  Sonja (D:6)
  A two-headed ogre (D:5)
  2 black mambas (Lair:1)
  2 ice statues (IceCv)
  A wolf spider (Lair:1)
  5 spiny frogs (Lair:1)
  3 rime drakes
  4 komodo dragons (Lair:1)
  A hornet (D:5)
  4 hippogriffs
  Sigmund (D:3)
  3 wyverns
  3 basilisks
  6 hogs (D:6)
  An acid dragon (D:6)
  2 redbacks (Lair:1)
  A slime creature (D:2)
  2 guardian mummies (Lair:1)
  A wolf spider zombie (D:4)
  2 wargs (D:5)
  2 necrophages
  2 water moccasins
  4 orc warriors
  8 porcupines
  2 sky beasts (D:5)
  An eye of draining (D:5)
  14 ice beasts (IceCv)
  A black bear (D:5)
  7 ogres
  14 wolves (Lair:1)
  2 crocodiles (Lair:1)
  A big kobold (D:6)
  7 bullfrogs
  A centaur (D:5)
  A harpy skeleton (D:3)
  5 howler monkeys
  2 scorpions
  7 killer bees
  4 wights (D:5)
  A crimson imp (D:3)
  8 orc priests
  10 hounds
  6 jellies (D:2)
  A gnoll shaman (D:2)
  2 iguanas (D:5)
  11 orc wizards
  4 worker ants
  3 wyvern zombies (D:4)
  A wyvern skeleton (D:5)
  3 bullfrog zombies
  2 bullfrog skeletons
  A shadow imp (D:3)
  9 adders
  4 gnolls
  40 sewer rats
  3 white imps
  5 worms
  8 cinder newts
  A howler monkey zombie (D:5)
  4 oozes
  A worker ant zombie (D:5)
  A hound skeleton (D:3)
  5 dart slugs
  4 leopard geckos
  29 orcs
  2 adder skeletons (D:3)
  An adder zombie (D:5)
  4 ball pythons
  A cinder newt skeleton (D:2)
  10 giant cockroaches
  7 goblins (D:1)
  2 hobgoblins (D:1)
  8 jackals (D:3)
  3 kobolds (D:1)
  A quokka (Lair:1)
  A ball python skeleton (D:2)
  8 bats
  3 bat skeletons (D:2)
  A quokka skeleton (D:5)
  3 rats
  6 withered plants (D:2)
361 creatures vanquished.

Vanquished Creatures (others)
  2 oozes (D:2)
  A plant (D:5)
  2 slimeheads (D:2)
  44 withered plants (D:2)
49 creatures vanquished.

Grand Total: 410 creatures vanquished

Notes
Turn   | Place    | Note
-------+----------+-------------------------------------------
     0 | D:1      | Illumine the Troll Earth Elementalist began the quest for
                  | the Orb.
     0 | D:1      | Reached XP level 1. HP: 16/16 MP: 1/1
   106 | D:1      | Reached skill level 1 in Fighting
   106 | D:1      | Reached skill level 1 in Unarmed Combat
   106 | D:1      | Reached XP level 2. HP: 25/27 MP: 2/2
   185 | D:1      | Reached XP level 3. HP: 33/33 MP: 3/3
   260 | D:1      | Reached skill level 2 in Unarmed Combat
   516 | D:1      | Reached XP level 4. HP: 42/42 MP: 4/4
  1095 | D:2      | Reached skill level 3 in Unarmed Combat
  1140 | D:2      | Reached XP level 5. HP: 30/50 MP: 5/5
  1173 | D:2      | Learned a level 3 spell: Stone Arrow
  1326 | D:2      | Reached skill level 4 in Unarmed Combat
  1328 | D:2      | Reached XP level 6. HP: 49/61 MP: 6/6
  1698 | D:2      | Reached skill level 5 in Unarmed Combat
  1699 | D:2      | Reached XP level 7. HP: 34/70 MP: 7/7
  2162 | D:2      | HP: 3/71 [slime creature (1)]
  2165 | D:2      | Reached skill level 5 in Fighting
  2165 | D:2      | Reached skill level 6 in Unarmed Combat
  2510 | D:3      | Noticed Sigmund
  2556 | D:3      | Killed Sigmund
  2556 | D:3      | Reached XP level 8. HP: 77/81 MP: 8/8
  2667 | D:3      | Found a runed translucent door.
  2667 | D:3      | Found a runed translucent door.
  2667 | D:3      | Noticed Kalegnar's ghost (novice FoFi)
  2685 | D:3      | HP: 2/81 [harpy skeleton (11)]
  2853 | D:3      | Reached skill level 7 in Unarmed Combat
  3291 | D:4      | Reached XP level 9. HP: 89/89 MP: 9/11
  3446 | D:4      | Found a staircase to the Ecumenical Temple.
  3469 | Temple   | Entered the Ecumenical Temple
  4012 | D:5      | Entered Level 5 of the Dungeon
  4047 | D:5      | Reached skill level 8 in Unarmed Combat
  4134 | D:5      | Noticed a two-headed ogre
  4140 | D:5      | Killed a two-headed ogre
  4144 | D:5      | Reached skill level 5 in Earth Magic
  4144 | D:5      | Reached XP level 10. HP: 57/102 MP: 13/13
  4375 | D:5      | Found a staircase to the Lair.
  4588 | D:5      | Reached skill level 5 in Dodging
  4689 | D:5      | Learned a level 5 spell: Lee's Rapid Deconstruction
  4695 | D:5      | Learned a level 5 spell: Methodical Deconstruction
  4704 | D:5      | Reached skill level 9 in Unarmed Combat
  4906 | D:5      | Noticed Nergalle
  4923 | D:5      | Killed Nergalle
  4923 | D:5      | Reached skill level 1 in Shields
  5610 | D:5      | Reached XP level 11. HP: 110/110 MP: 8/15
  5659 | D:6      | Found a frozen archway.
  5670 | IceCv    | Entered an ice cave
  6105 | IceCv    | Noticed an ice dragon
  6207 | Lair:1   | Entered Level 1 of the Lair of Beasts
  6258 | Lair:1   | Noticed a boulder beetle
  6320 | Lair:1   | Killed a boulder beetle
  6378 | Lair:1   | Identified the +3 ring mail of Nemelex Xobeh's Favour
                  | {Str+4 Int+2}
  6686 | Lair:1   | Reached skill level 10 in Unarmed Combat
  7063 | Lair:1   | Reached XP level 12. HP: 46/122 MP: 18/18
  8091 | D:6      | Noticed Sonja
  8121 | D:6      | Killed Sonja
  8121 | D:6      | Reached skill level 5 in Spellcasting
  8189 | D:6      | Found a stormy altar of Qazlal.
  8215 | D:6      | Found a staircase to the Orcish Mines.
  8257 | D:6      | Found a glowing silver altar of Zin.
  8366 | D:6      | Noticed Jorgrun
  8488 | D:6      | Noticed Circe
  8747 | D:6      | Killed from afar by Circe

Levels and vault maps discovered:
D:1:      minmay_arrival_four_houses, layout_loops_ring,
          kennysheep_generic_room_6
D:2:      layout_sewer, first_ration
D:3:      layout_rooms, ebering_ghost_sewer_f, uniq_sigmund
D:4:      layout_cave_pools, minmay_temple_entry_sparse_star,
          serial_column_ruins, column_ruins_hut_pillars,
          column_ruins_open_small, column_ruins_grid_1,
          column_ruins_open_medium, column_ruins_open_tiny
D:5:      layout_basic, erik_lair_orcish_takeover, uniq_nergalle
D:6:      layout_long_grid, zin_scriptorium, nicolae_qazlal_style_of_elements,
          portal_ice_cave_entry_pillars_2, uniq_sonja, uniq_circe, uniq_jorgrun
Temple:   nicolae_temple_figure_eight
Lair:1:   layout_hall_layers, chequers_ossuary_entry_cave,
          infiniplex_staircase_pool_2, lemuel_fruit_fields

Skill      XL: |  1  2  3  4  5  6  7  8  9 10 11 12 |
---------------+-------------------------------------+-----
Fighting       | 1 2 3 4 5 6 7 8 |  8.7
Unarmed Combat | 1 2 3 4 5 6 7 8 9 10 | 10.4
Dodging        | 3 4 5 6 |  6.7
Earth Magic    | 3 5 6 7 |  7.7
Spellcasting   | 2 3 4 5 |  5.1
Shields        | 1 3 4 |  4.2
Stealth        | |  1.0
Transmutations | |  0.6

Action                   |  1- 3 |  4- 6 |  7- 9 | 10-12 || total
-------------------------+-------+-------+-------+-------++-------
Melee: Unarmed           |   109 |   343 |   534 |   838 ||  1824
 Cast: Stone Arrow       |       |       |       |    72 ||    72
       Sandblast         |       |       |       |     1 ||     1
Evoke: Wand              |       |       |     4 |    19 ||    23
  Use: Scroll            |       |     1 |       |     3 ||     4
       Potion            |       |       |     1 |     3 ||     4
 Stab: Sleeping          |       |     2 |     3 |     2 ||     7
       Distracted        |       |     1 |       |       ||     1
       Held in net/web   |       |       |     4 |     8 ||    12
  Eat: Chunk             |     1 |    11 |    23 |    49 ||    84
       Ration            |       |       |     2 |       ||     2
Armor: Robe              |    12 |    47 |    48 |   102 ||   209
Dodge: Dodged            |    25 |    89 |    82 |   146 ||   342
